 Dungeon Crawl Stone Soup version 0.30.1-9-gdf580d7c3d (webtiles) character file.

Game seed: 8333742046040245784

789 monsoonserge the Skirmisher (level 7, 0/36 HPs)
             Began as a Spriggan Hunter on Oct 7, 2023.
             Killed by divine providence
             ... invoked by an orc priest
              (12 damage)
             ... on level 7 of the Dungeon.
             The game lasted 00:09:32 (3442 turns).

monsoonserge the Skirmisher (Spriggan Hunter)       Turns: 3442, Time: 00:09:33

Health: 0/36       AC:  5    Str:  7    XL:     7   Next: 56%
Magic:  8/8        EV: 18    Int: 10    God:
Gold:   207        SH:  0    Dex: 21    Spells: 6/6 levels left

rFire   + . .        a - +0 shortbow
rCold   . . .        (shield currently unavailable)
rNeg    + . .        p - +2 animal skin
rPois   .            (helmet restricted)
rElec   .            j - +0 cloak
rCorr   .            (gloves unavailable)
SInv    +            (boots unavailable)
Will    +....        (no amulet)
Stlth   +++          k - ring of positive energy
HPRegen 0.26/turn    q - ring of protection from fire
MPRegen 0.11/turn

%: no passive effects
@: very quick
A: very small, no large weapons, unfitting armour, see invisible, speed 3
a: no special abilities


You were on level 7 of the Dungeon.
You visited 1 branch of the dungeon, and saw 7 of its levels.

You collected 207 gold pieces.

Inventory:

Hand Weapons
 a - a +0 shortbow (weapon)
Missiles
 c - 3 boomerangs
 t - a throwing net
Armour
 j - a +0 cloak (worn)
 p - a +2 animal skin (worn)
Jewellery
 k - a ring of positive energy (left hand)
 o - a ring of ice
 q - a ring of protection from fire (right hand)
Scrolls
 b - a scroll of immolation
 e - a scroll of fog {unknown}
 f - 5 scrolls of identify {unknown}
 g - a scroll of enchant weapon {unknown}
 h - 2 scrolls of amnesia {unknown}
 m - a scroll of fear {unknown}
 n - a scroll of enchant armour {unknown}
 r - a scroll of teleportation {unknown}
Potions
 d - 3 potions of haste {unknown}
 i - 4 potions of heal wounds {unknown}
 l - a potion of curing {unknown}
 s - a potion of degeneration {unknown}


   Skills:
 + Level 3.0 Fighting
 + Level 8.5 Ranged Weapons
 + Level 3.3 Dodging
 + Level 3.1 Stealth


You had 6 spell levels left.
You didn't know any spells.
Your spell library contained the following spells:

 Spells                   Type           Power      Damage    Failure   Level
 Kiss of Death            Conj/Necr      0%         2d5       36%         1
 Confusing Touch          Hex            0%         N/A       75%         3
 Gell's Gravitas          Tloc           0%         N/A       75%         3
 Teleport Other           Tloc           0%         N/A       75%         3
 Dispel Undead            Necr           0%         3d6       98%         4
 Dispersal                Tloc           0%         N/A       100%        6


Dungeon Overview and Level Annotations

Branches:
Dungeon (7/15)
 Temple: D:4-7

Altars:
Fedhas
Qazlal
Zin

Shops:
D:1 =[

Annotations:
D:3 1 runed translucent door, Crazy Yiuf
D:4 Sigmund
D:5 Edmund


Innate Abilities, Weirdness & Mutations

You are very small and have problems with some larger weapons.
You are too small for most types of armour.
You have supernaturally acute eyesight. (SInv)
You cover ground extremely quickly. (Speed+++)


Message History

Fire: a) +0 shortbow
Press: ? - help, Q - select action, (/) - cycle Shift-Dir - straight line, f/p - kobold brigand
Aim: a kobold brigand, wielding a +0 dagger and quivering poisoned darts (heavily wounded, 61% to hit)
You shoot an arrow.
The arrow closely misses the kobold brigand.
The arrow closely misses the orc priest.
The arrow hits the orc!
You kill the orc!
You shoot an arrow. The arrow hits the kobold brigand!
The kobold brigand is severely wounded.
You shoot an arrow. The arrow hits the kobold brigand!
You kill the kobold brigand!
The orc priest mumbles some strange prayers to Beogh against you.
Beogh smites you!
Your Fighting skill increases to level 3!
You shoot an arrow.
The arrow hits the orc priest but does no damage.
You shoot an arrow.
The arrow closely misses the orc priest.
The orc priest calls down the wrath of Beogh upon you.
Beogh smites you!
You are too injured to fight recklessly!
You are too injured to fight recklessly!
The orc priest mumbles some strange prayers to Beogh against you.
Pain shoots through your body!
You are too injured to fight recklessly!
Unknown command.
Fire: a) +0 shortbow
Press: ? - help, Q - select action, (/) - cycle Shift-Dir - straight line, f/p - orc priest
Aim: an orc priest, wielding a +0 short sword (67% to hit)
You shoot an arrow. The arrow hits the orc priest.
The orc priest is lightly wounded.
Fire: a) +0 shortbow
Press: ? - help, Q - select action, (/) - cycle Shift-Dir - straight line, f/p - orc priest
Aim: an orc priest, wielding a +0 short sword (67% to hit)
You shoot an arrow. The arrow hits the orc priest.
The orc priest is lightly wounded.
The orc priest mumbles some strange prayers to Beogh against you.
Beogh smites you!
You die...

##.....####)# ##.#
##.....###.#.#
##.....###..#.#
#.....###...')#
#####'####....#.#
##.#.....#.....#o#
#..#.....#....##.#
...'.....'...###.#
...#.....#..####@#
...#.....#.###.#.##
..####)######..#..## ..
.###.....###...'...##...
###.....###....#........
##.....###.....#........
#.....###.....##.###########
.....###.....###...........#
##'#######'#####...........#


You could see an orc priest.

Vanquished Creatures
  Menkaure (D:4)
  An ogre (D:5)
  A centaur (D:7)
  A kobold brigand (D:7)
  A howler monkey (D:7)
  2 jellies (D:5)
  A hound (D:4)
  An orc priest (D:6)
  Jessica (D:2)
  3 orc wizards
  Terence (D:3)
  An iguana (D:7)
  Robin (D:3)
  3 adders
  A worm (D:3)
  2 dart slugs (D:1)
  7 orcs
  7 bats
  5 endoplasms
  2 giant cockroaches
  15 goblins
  9 hobgoblins
  3 jackals (D:4)
  6 ball pythons
  A frilled lizard (D:2)
  6 kobolds
  7 rats
90 creatures vanquished.

Notes
Turn   | Place    | Note
-------+----------+-------------------------------------------
     0 | D:1      | monsoonserge the Spriggan Hunter began the quest for the
                  | Orb.
     0 | D:1      | Reached XP level 1. HP: 10/10 MP: 2/2
    69 | D:1      | Found Neshraxov's Jewellery Emporium.
   302 | D:1      | Found Bolo's Armour Shop.
   318 | D:1      | Reached XP level 2. HP: 12/14 MP: 3/3
   680 | D:1      | Reached XP level 3. HP: 18/18 MP: 4/4
  1056 | D:2      | Reached skill level 5 in Ranged Weapons
  1110 | D:2      | You fall into a shaft and drop 1 floor!
  1110 | D:3      | Found a blossoming altar of Fedhas.
  1122 | D:2      | Found a glowing silver altar of Zin.
  1174 | D:2      | Noticed Jessica
  1541 | D:2      | Killed Jessica
  1542 | D:2      | Reached XP level 4. HP: 23/23 MP: 5/5
  1752 | D:3      | Noticed Terence
  1801 | D:3      | Killed Terence
  2076 | D:3      | Found a runed translucent door.
  2077 | D:3      | Noticed Crazy Yiuf
  2176 | D:3      | Reached XP level 5. HP: 26/26 MP: 6/6
  2201 | D:3      | Noticed Robin
  2215 | D:3      | Reached skill level 6 in Ranged Weapons
  2279 | D:3      | Killed Robin
  2465 | D:4      | Noticed Menkaure
  2638 | D:4      | Found a stormy altar of Qazlal.
  2842 | D:4      | Killed Menkaure
  2843 | D:4      | Reached XP level 6. HP: 31/31 MP: 7/7
  2962 | D:4      | Noticed Sigmund
  2984 | D:5      | Entered Level 5 of the Dungeon
  3020 | D:5      | Reached skill level 7 in Ranged Weapons
  3166 | D:5      | Noticed Edmund
  3203 | D:6      | Reached XP level 7. HP: 22/35 MP: 8/8
  3212 | D:6      | Noticed a hornet
  3311 | D:7      | Reached skill level 8 in Ranged Weapons
  3442 | D:7      | Killed from afar by an orc priest

Illustrated notes

Levels and vault maps discovered:
D:1:      psy_arrival_wood_between_worlds, layout_loops_corners, serial_shops,
          nicolae_shop_crystal, nicolae_shop_gaudy_bauble
D:2:      layout_basic, basic_altar, uniq_jessica
D:3:      layout_basic, mainiacjoe_overflow_small_starburst,
          minmay_misc_feat_nine_boxes, uniq_terence, uniq_robin,
          uniq_crazy_yiuf_cottage
D:4:      layout_basic, grunt_qazlal_clouds, kennysheep_vampire_church,
          uniq_sigmund, uniq_menkaure
D:5:      layout_rooms, nicolae_goblin_pals, uniq_edmund
D:6:      layout_loops_ring, serial_shops, nicolae_shop_hallway_plus,
          minmay_small_thing, uniq_blork_the_orc
D:7:      layout_rooms, minmay_temple_entry_drinking_statues,
          minmay_quadrilaterals

Skill      XL: |  1  2  3  4  5  6  7 |
---------------+----------------------+-----
Stealth        | 2 3 |  3.1
Ranged Weapons | 5 6 7 8 |  8.5
Dodging        | 3 |  3.3
Fighting       | 2 3 |  3.0

Action                     |  1- 3 |  4- 6 |  7- 9 || total
---------------------------+-------+-------+-------++-------
   Fire: Shortbow          |    94 |   154 |    47 ||   295
 Armour: Robe              |     2 |     1 |       ||     3
         Animal skin       |       |       |     5 ||     5
  Dodge: Dodged            |    23 |    33 |    17 ||    73
